 Dungeon Crawl Stone Soup version 0.30.1-11-g7821555f0a (console) character file.

Game seed: 16599093316013641463

966 Natenado the Geomancer (level 8, -2/41 HPs)
             Began as a Gargoyle Earth Elementalist on Nov 29, 2023.
             Was an Initiate of Vehumet.
             Engulfed by a steam dragon's steam (5 damage)
             ... on level 6 of the Dungeon on Nov 30, 2023.
             The game lasted 01:19:35 (4430 turns).

Natenado the Geomancer (GrEE)                       Turns: 4430, Time: 01:19:35

Health: -2/41      AC:  8    Str: 18    XL:     8   Next: 15%
Magic:  4/17       EV: 12    Int: 18    God:    Vehumet [......]
Gold:   173        SH:  5    Dex: 10    Spells: 13/19 levels left

rFire   . . .        t - +0 flail
rCold   + . .        (no shield)
rNeg    + . .        o - +1 robe "Pakloigg" {rC+}
rPois   ∞            (no helmet)
rElec   +            (no cloak)
rCorr   .            (no gloves)
SInv    .            (no boots)
Will    .....        C - amulet of reflection
Stlth   ++           n - +6 ring of strength
HPRegen 0.26/turn    (no ring)
MPRegen 0.15/turn

%: reflection
@: about to teleport, very slightly contaminated
A: sickness immunity, AC +5, negative energy resistance 1, electricity
resistance, torment resistance 1, petrification resistance
a: Renounce Religion


You were on level 6 of the Dungeon.
You worshipped Vehumet.
Vehumet was noncommittal.
You visited 2 branches of the dungeon, and saw 8 of its levels.

You collected 206 gold pieces.
You spent 33 gold pieces at shops.

Inventory:

Hand Weapons
 e - a +0 dagger
 h - a +0 dagger
 q - a +0 dagger
 t - a +0 flail (weapon)
Missiles
 c - 43 stones
 i - 8 poisoned darts
 B - 2 throwing nets
Armour
 m - a +0 helmet
 o - the +1 robe "Pakloigg" (worn) {rC+}
   (You found it on level 2 of the Dungeon)

   rC:        It protects you from cold.
Magical Staves
 j - a staff of cold
Jewellery
 g - an amulet of the acrobat
 n - a +6 ring of strength (left hand)
 s - an amulet of faith
 C - an amulet of reflection (around neck)
Wands
 v - a wand of mindburst (14)
 w - a wand of paralysis (8)
 D - a wand of quicksilver (6)
Scrolls
 a - 5 scrolls of identify {unknown}
 d - 2 scrolls of teleportation
 k - a scroll of enchant armour {unknown}
 r - a scroll of fog {unknown}
 y - a scroll of fear {unknown}
 A - 3 scrolls of immolation {unknown}
Potions
 b - a potion of magic
 f - 4 potions of curing {unknown}
 l - 4 potions of attraction {unknown}
 p - a potion of brilliance {unknown}
 u - a potion of might {unknown}
 x - a potion of mutation {unknown}
 z - a potion of flight {unknown}
 E - a potion of heal wounds {unknown}


   Skills:
 - Level 0.1 Fighting
 - Level 1.6 Dodging
 - Level 2.2 Stealth
 + Level 6.0 Spellcasting
 - Level 1.0 Transmutations
 + Level 8.6 Earth Magic


You had 13 spell levels left.
You knew the following spells:

 Your Spells              Type           Power      Damage    Failure   Level
a - Sandblast             Erth           72%        2d16      1%          1
b - Stone Arrow           Conj/Erth      42%        3d9       6%          3
c - Passwall              Tmut/Erth      18%        N/A       2%          2

Your spell library contained the following spells:

 Spells                   Type           Power      Damage    Failure   Level
 Sting                    Tmut/Pois      28%        1d4       10%         1
 Petrify                  Tmut/Erth      22%        N/A       16%         4
 Ensorcelled Hibernation  Hex/Ice        10%        N/A       19%         2
 Poisonous Vapours        Pois/Air       10%        N/A       19%         2
 Leda's Liquefaction      Hex/Erth       10%        N/A       21%         4
 Call Canine Familiar     Summ           5%         N/A       34%         3
 Portal Projectile        Hex/Tloc       10%        N/A       34%         3
 Swiftness                Air            5%         N/A       34%         3
 Olgreb's Toxic Radiance  Pois           5%         N/A       75%         4


Dungeon Overview and Level Annotations

Branches:
Dungeon (7/15)             Temple (1/1) D:6

Altars:
Vehumet
The Shining One

Shops:
D:1 ![   D:2 ?((?

Annotations:
D:5 Sigmund
D:6 3 runed translucent doors, auo's ghost, novice OgTm


Innate Abilities, Weirdness & Mutations

You are immune to sickness and miasma.
Your stone body is resilient. (AC +5)
You are immune to poison.
You resist negative energy. (rN+)
You are resistant to electric shocks. (rElec)
You are resistant to unholy torment.
You are immune to petrification.


Message History

Confirm with . or Enter, or press ? or * to list all spells.
You can't see any susceptible monsters within range! (Use Z to cast anyway.)
Casting: Stone Arrow (dangerous; 6% risk of failure)
Confirm with . or Enter, or press ? or * to list all spells.
You can't see any susceptible monsters within range! (Use Z to cast anyway.)
The steam dragon breathes steam at you. The ball of steam hits you!
Casting: Stone Arrow (dangerous; 6% risk of failure)
Confirm with . or Enter, or press ? or * to list all spells.
Aiming: Stone Arrow (dangerous; 6% risk of failure)
Press: ? - help, Shift-Dir - straight line, f - steam dragon
Aim: a steam dragon (71% to hit)
You miscast Stone Arrow.
You are very lightly contaminated with residual magic.
You are blasted with magical energy.
Casting: Stone Arrow (dangerous; 6% risk of failure)
Confirm with . or Enter, or press ? or * to list all spells.
Aiming: Stone Arrow (dangerous; 6% risk of failure)
Press: ? - help, Shift-Dir - straight line, f/p - steam dragon
Aim: a steam dragon (71% to hit)
The stone arrow hits the steam dragon!
The steam dragon is moderately wounded.
The steam dragon breathes steam at you.
The ball of steam hits you but does no damage.
Casting: Stone Arrow (dangerous; 6% risk of failure)
Confirm with . or Enter, or press ? or * to list all spells.
Aiming: Stone Arrow (dangerous; 6% risk of failure)
Press: ? - help, Shift-Dir - straight line, f/p - steam dragon
Aim: a steam dragon (steam, moderately wounded, 71% to hit)
The stone arrow hits the steam dragon!
The steam dragon is severely wounded.
You are engulfed in a cloud of scalding steam.
* * * LOW HITPOINT WARNING * * *
The steam dragon breathes steam at you. The ball of steam hits you!
* * * LOW HITPOINT WARNING * * *
As you read the scroll of teleportation, it crumbles to dust.
You feel strangely unstable.
You are engulfed in a cloud of scalding steam.
You die...

....####..#.........
.........###.######
..######..#.## ..#
#.#.## ### #D### #.#
#.######## #........#
#..#####D# ########..#
###§####
......#...###..§@).# ##
#......##.#.##.#
##.##.#...###.#.##.#
##..............##.#
#####.##.#########.####
#####.##.# #......#
......##+# #.#....#
####### #.####.#
#.####.# # #......#
#### ####...#.#


You could see a steam dragon (catching breath).

Vanquished Creatures
  3 ogres
  2 phantoms
  A kobold brigand (D:6)
  2 scorpions
  A hound (D:6)
  2 jellies (D:6)
  2 orc priests
  2 orc wizards
  7 gnolls
  4 adders
  A shadow imp (D:6)
  2 worms
  6 dart slugs
  14 orcs
  6 ball pythons
  7 bats
  6 endoplasms
  4 giant cockroaches
  10 goblins
  5 hobgoblins
  6 jackals
  10 kobolds
  3 quokkas
  2 frilled lizards (D:1)
  4 rats
112 creatures vanquished.

Notes
Turn   | Place    | Note
-------+----------+-------------------------------------------
     0 | D:1      | Natenado the Gargoyle Earth Elementalist began the quest
                  | for the Orb.
     0 | D:1      | Reached XP level 1. HP: 10/10 MP: 3/3
    45 | D:2      | Found Nice Moje's Magic Scroll Emporium.
    58 | D:2      | Reached skill level 1 in Transmutations
   111 | D:1      | Reached skill level 4 in Earth Magic
   126 | D:1      | Reached XP level 2. HP: 10/15 MP: 1/5
   209 | D:1      | Found Ewaluips's Distillery.
   416 | D:1      | Reached XP level 3. HP: 19/19 MP: 4/6
   514 | D:2      | Found a faded altar of an unknown god.
   619 | D:2      | Identified the +1 robe "Pakloigg" {rC+}
   670 | D:2      | Identified the +1 chain mail of Untold Secrets {rC- Str+6}
   673 | D:2      | Found Xuuso's Antique Weapon Shoppe.
   818 | D:2      | Found Dir Afas's Antique Weapon Boutique.
   871 | D:3      | You fall into a shaft and drop 1 floor!
   906 | D:5      | Entered Level 5 of the Dungeon
   906 | D:5      | Noticed a scorpion
   912 | D:4      | Killed a scorpion
   913 | D:4      | Reached skill level 5 in Earth Magic
   913 | D:4      | Reached XP level 4. HP: 14/24 MP: 2/8
   959 | D:4      | Found a glowing golden altar of the Shining One.
   970 | D:4      | Noticed an ogre
  1224 | D:1      | Learned a level 3 spell: Stone Arrow
  1227 | D:1      | Learned a level 2 spell: Passwall
  1276 | D:1      | Found Feocux's Armour Emporium.
  1378 | D:2      | Reached XP level 5. HP: 28/28 MP: 6/9
  1948 | D:2      | Found Kiocennoe's Magic Scroll Emporium.
  1951 | D:2      | Bought a scroll of teleportation for 33 gold pieces
  2059 | D:3      | Reached skill level 6 in Earth Magic
  2163 | D:3      | Reached XP level 6. HP: 28/32 MP: 3/12
  3622 | D:5      | Noticed Sigmund
  3649 | D:6      | Reached skill level 7 in Earth Magic
  3649 | D:6      | Reached XP level 7. HP: 36/36 MP: 8/14
  3742 | D:6      | Reached skill level 5 in Spellcasting
  3953 | D:6      | Reached skill level 8 in Earth Magic
  4028 | D:6      | Found a runed translucent gate.
  4028 | D:6      | Noticed auo's ghost (novice OgTm)
  4029 | D:6      | Found a runed translucent gate.
  4030 | D:6      | Found a runed translucent gate.
  4031 | D:6      | Noticed a warg
  4189 | D:6      | Reached XP level 8. HP: 35/41 MP: 4/16
  4278 | D:6      | Found a staircase to the Ecumenical Temple.
  4293 | Temple   | Entered the Ecumenical Temple
  4306 | Temple   | Became a worshipper of Vehumet
  4430 | D:6      | Engulfed by a steam dragon's steam

Illustrated notes

Levels and vault maps discovered:
D:1:      erik_arrival_orb_chamber, layout_rooms, serial_shops, shop, shop
D:2:      layout_loops_ring, serial_shops, shop, nicolae_shop_rolled_up,
          nicolae_shop_waterfront, shop, hellmonk_ecumenical_altar_arch_garden
D:3:      layout_loops_ring, portal_sewer_entry_d
D:4:      layout_loops_ring, mainiacjoe_overflow_chevrons
D:5:      layout_rooms, minivault_11, hangedman_decor_push, uniq_sigmund
D:6:      layout_loops_corners, minmay_temple_entry_arrows,
          biasface_ghost_orc_armoury
D:7:      layout_cave_pools
Temple:   minmay_temple_curvy_loop

Skill      XL: |  1  2  3  4  5  6  7  8 |
---------------+-------------------------+-----
Transmutations | 1 |  1.0
Earth Magic    | 4 5 6 7 8 |  8.6
Spellcasting   | 3 4 5 6 |  6.0
Fighting       | |  0.1
Dodging        | |  1.6
Stealth        | |  2.2

Action                     |  1- 3 |  4- 6 |  7- 9 || total
---------------------------+-------+-------+-------++-------
  Melee: Club              |     2 |     8 |       ||    10
         Flail             |       |     2 |     1 ||     3
   Cast: Sandblast         |    50 |    80 |    19 ||   149
         Passwall          |       |     2 |       ||     2
         Stone Arrow       |       |     9 |    16 ||    25
    Use: Scroll            |     2 |       |     1 ||     3
 Armour: Robe              |    19 |    20 |     9 ||    48
  Dodge: Dodged            |    27 |    34 |    13 ||    74
  Block: Other             |       |       |     6 ||     6
         Reflection        |       |       |     2 ||     2
